 Dungeon Crawl Stone Soup version 0.31-a0-152-g6aa68a64a1 (webtiles) character file.

Game seed: 12744840185877505697

651 qw the Skirmisher (level 7, -1/55 (61) HPs)
             Began as a Minotaur Hunter on June 8, 2023.
             Slain by a wight
             ... wielding a +0 scimitar
              (2 damage)
             ... on level 5 of the Dungeon.
             The game lasted 00:01:15 (3091 turns).

qw the Skirmisher (Minotaur Hunter)                 Turns: 3091, Time: 00:01:15

HP:   -1/55 (61)    AC:  5    Str: 16    XL:     7   Next: 28%
MP:   6/6           EV: 11    Int:  6    God:
Gold: 63            SH:  0    Dex: 15    Spells: 6/6 levels left

rFire   . . .        Y - +1 shortbow
rCold   . . .        (shield currently unavailable)
rNeg    . . .        f - +0 ring mail
rPois   .            (helmet restricted)
rElec   .            (no cloak)
rCorr   .            (no gloves)
SInv    .            (no boots)
Will    .....        (no amulet)
Stlth   +            (no ring)
HPRegen 0.29/turn    (no ring)
MPRegen 0.10/turn

%: no passive effects
@: drained
A: horns 2, retaliatory headbutt
a: no special abilities


You were on level 5 of the Dungeon.
You visited 1 branch of the dungeon, and saw 5 of its levels.

You collected 178 gold pieces.
You spent 115 gold pieces at shops.


Innate Abilities, Weirdness & Mutations

You have a pair of horns on your head.
You reflexively headbutt those who attack you in melee.


   Skills:
 - Level 5.4 Fighting
 + Level 8.6 Ranged Weapons
 - Level 1.1 Armour
 - Level 2.1 Dodging
 - Level 0.7 Stealth


You had 6 spell levels left.
You didn't know any spells.
Your spell library was empty.

Inventory:

Hand Weapons
 Y - a +1 shortbow (weapon)
Armour
 f - a +0 ring mail (worn)
Scrolls
 b - a scroll of identify
 g - a scroll of enchant armour
Potions
 a - a potion of haste {unknown}
 d - 2 potions of curing
 h - a potion of enlightenment {unknown}
 i - a potion of resistance {unknown}
 j - a potion of might {unknown}
 l - a potion of berserk rage {unknown}

Dungeon Overview and Level Annotations

Branches:
Dungeon (5/15)
 Temple: D:4-7

Altars:
Cheibriados
Elyvilon
Qazlal
Trog
Zin

Shops:
D:1 *   D:2 *


Message History

The wight hits you with a +5 flail.
You feel drained.
You shoot an arrow. The arrow misses the hound.
The hound closely misses you. The hound barely misses you.
You shoot an arrow. The arrow hits the hound!
You kill the hound!
The wight barely misses you.
Your life force feels restored.
You shoot an arrow. The arrow hits the wight!
The wight is heavily damaged.
A wight comes into view. It is wielding a +0 falchion.
The wight barely misses you. The wight misses you. You furiously retaliate!
You headbutt the wight. You shoot an arrow. The arrow hits the wight!
You destroy the wight!
The wight hits you with a +3 long sword.
The wight closely misses you.
You shoot an arrow. The arrow hits the wight!
The wight is heavily damaged.
The wight hits you but does no damage. The wight hits you with a +0 scimitar.
You feel drained.
The wight hits you with a +3 long sword.
You feel drained.
You shoot an arrow. The arrow hits the wight!
The wight is almost destroyed.
The wight barely misses you. The wight closely misses you.
You shoot an arrow. The arrow closely misses the wight.
The wight barely misses you. The wight hits you with a +0 scimitar!
You shoot an arrow. The arrow barely misses the wight.
The wight barely misses you. The wight hits you with a +0 scimitar!
You feel drained.
The wight hits you with a +3 long sword.
The phantom barely misses you.
You shoot an arrow.
The arrow hits the wight but does no damage.
The wight is almost destroyed.
The phantom hits you. The wight hits you with a +0 falchion.
You feel drained. The wight barely misses you. The wight closely misses you.
The wight hits you but does no damage. The wight completely misses you.
The phantom hits you. The wight hits you with a +0 scimitar.
You die...

.........#..
...........
...........
..........
.........#
.........#
......zzW#
......z@z#
....###..# # #..#
#..# #[## #### #
#.## ##..####
#..### ####.....))
##...###.....#####
#.......)..##


You could see a phantom and 4 wights.

Vanquished Creatures
  Sigmund (D:3)
  An ogre (D:5)
  A gnoll sergeant (D:5)
  A scorpion (D:5)
  A wight (D:5)
  A hound (D:5)
  4 gnolls (D:5)
  11 adders
  5 dart slugs
  An orc (D:4)
  7 ball pythons
  7 endoplasms
  4 giant cockroaches
  4 goblins
  8 hobgoblins
  6 kobolds
  3 quokkas
  4 bats
  2 frilled lizards (D:3)
  6 rats
78 creatures vanquished.

Notes
Turn   | Place    | Note
-------+----------+-------------------------------------------
     0 | D:1      | qw the Minotaur Hunter began the quest for the Orb.
     0 | D:1      | Reached XP level 1. HP: 18/18 MP: 0/0
     0 | D:1      | 0 ||| qw: Version: 0.2-a-120-gdf1a93b
     0 | D:1      | 0 ||| qw: Game counter: 3141
     0 | D:1      | 0 ||| qw: Always use a shield: true
     0 | D:1      | 0 ||| qw: God list: Okawaru
     0 | D:1      | 0 ||| qw: Allow faded altars: false
     0 | D:1      | 0 ||| qw: Do Orc after D:15 true
     0 | D:1      | 0 ||| qw: Do second Lair branch before Depths: true
     0 | D:1      | 0 ||| qw: Lair rune preference: random
     0 | D:1      | 0 ||| qw: Plans: Normal
     0 | D:1      | 0 ||| PLANNING D:1-11
    50 | D:1      | Reached XP level 2. HP: 25/25 MP: 1/1
    56 | D:1      | Reached skill level 5 in Ranged Weapons
   268 | D:1      | Found Moaqan's Assorted Antiques.
   297 | D:1      | 297 ||| SHOPLISTING 2 murky white potions (50 gold, have
                  | 23).
   297 | D:1      | 297 ||| SHOPLISTING 2 red potions (50 gold, have 23).
   297 | D:1      | 297 ||| SHOPLISTING 2 smoky emerald potions (50 gold, have
                  | 23).
   297 | D:1      | 297 ||| SHOPLISTING red potion (25 gold, have 23).
   297 | D:1      | 297 ||| SHOPLISTING scroll labelled GERUR OLAE (28 gold,
                  | have 23).
   297 | D:1      | 297 ||| SHOPLISTING scroll labelled HACUSKU UJYGIS (28
                  | gold, have 23).
   297 | D:1      | 297 ||| SHOPLISTING scroll labelled TUIKECL OCYMEO (28
                  | gold, have 23).
   473 | D:1      | Found a faded altar of an unknown god.
   505 | D:1      | Reached skill level 3 in Fighting
   736 | D:1      | 736 ||| READING scroll labelled HACUSKU UJYGIS.
   737 | D:1      | 737 ||| READING scroll labelled XUSYNO HIQICRO.
   738 | D:1      | 738 ||| READING scroll labelled UNKER MAISIDEC.
   739 | D:1      | 739 ||| DROPPING scroll of butterflies.
   786 | D:2      | Reached XP level 3. HP: 31/31 MP: 2/2
   881 | D:2      | Reached skill level 6 in Ranged Weapons
   881 | D:2      | Reached XP level 4. HP: 38/38 MP: 3/3
  1016 | D:2      | Found Vism's General Store.
  1026 | D:2      | 1026 ||| BUYING +0 ring mail (40 gold).
  1026 | D:2      | Bought a +0 ring mail for 40 gold pieces
  1026 | D:2      | 1026 ||| SHOPLISTING potion of haste (100 gold, have 82).
  1026 | D:2      | 1026 ||| SHOPLISTING potion of resistance (100 gold, have
                  | 82).
  1026 | D:2      | 1026 ||| BUYING scroll of enchant armour (75 gold).
  1026 | D:2      | Bought a scroll of enchant armour for 75 gold pieces
  1026 | D:2      | 1026 ||| SHOPLISTING scroll of teleportation (30 gold, have
                  | 7).
  1215 | D:2      | 1215 ||| UPGRADING to +0 ring mail.
  1225 | D:2      | 1225 ||| DROPPING +0 leather armour.
  1226 | D:2      | 1226 ||| READING scroll labelled GERUR OLAE.
  1227 | D:2      | 1227 ||| DRINKING 2 clear potions.
  1228 | D:2      | 1228 ||| DROPPING potion of attraction.
  1276 | D:3      | Reached skill level 1 in Armour
  1408 | D:3      | Found a snail-covered altar of Cheibriados.
  1632 | D:3      | Reached XP level 5. HP: 46/46 MP: 4/4
  1701 | D:3      | Found a glowing silver altar of Zin.
  1767 | D:3      | Noticed Sigmund
  1792 | D:3      | HP: 10/46 [something/magic dart (4)]
  1793 | D:3      | Killed Sigmund
  1794 | D:3      | Reached skill level 7 in Ranged Weapons
  1794 | D:3      | Reached XP level 6. HP: 12/52 MP: 5/5
  2024 | D:3      | Found a white marble altar of Elyvilon.
  2029 | D:3      | 2029 ||| READING scroll labelled QUOPREPR RASYC.
  2030 | D:3      | 2030 ||| READING scroll labelled NAXA HIUMNUOH.
  2031 | D:3      | 2031 ||| DRINKING 3 red potions.
  2032 | D:3      | 2032 ||| READING 3 scrolls of identify.
  2032 | D:3      | 2032 ||| IDENTIFYING yellow potion
  2033 | D:3      | 2033 ||| READING 2 scrolls of identify.
  2033 | D:3      | 2033 ||| IDENTIFYING grey potion
  2034 | D:3      | 2034 ||| DROPPING potion of ambrosia.
  2283 | D:4      | Found a stormy altar of Qazlal.
  2431 | D:4      | Found a bloodstained altar of Trog.
  2618 | D:4      | 2618 ||| READING scroll labelled DURYWN VIULAE.
  2619 | D:4      | 2619 ||| READING scroll labelled TUIKECL OCYMEO.
  2639 | D:4      | 2639 ||| READING 3 scrolls labelled LIYROW YNNIL.
  2745 | D:4      | 2745 ||| DROPPING 2 scrolls of torment.
  2787 | D:5      | Entered Level 5 of the Dungeon
  2849 | D:5      | Reached skill level 8 in Ranged Weapons
  2878 | D:5      | HP: 10/55 [gnoll sergeant/+0 trident (13)]
  2879 | D:5      | 2879 ||| DRINKING potion of heal wounds.
  2884 | D:5      | Reached XP level 7. HP: 30/61 MP: 6/6
  3090 | D:5      | HP: 13/56 [wight/+3 long sword (6)]
  3091 | D:5      | HP: 6/55 [wight/+0 falchion (1)]
  3091 | D:5      | HP: 1/55 [phantom (5)]
  3091 | D:5      | Slain by a wight

Levels and vault maps discovered:
D:1:      spicycebolla_green_bress_n_ham, layout_basic,
          shapermc_ecumenical_altar_petra, serial_shops, nicolae_shop_peninsula,
          chequers_serial_rivers_micro_c, minmay_pentomino_x2
D:2:      layout_rooms, serial_shops, shop
D:3:      layout_basic, kennysheep_slug_shrine, mainiacjoe_overflow_alcove_4,
          nicolae_elyvilon_temple_path, minmay_bisected, uniq_sigmund
D:4:      layout_loops_cross, lightli_temple_of_fire,
          mainiacjoe_overflow_small_starburst
D:5:      layout_layer_cave, kennysheep_generic_room_8

Skill      XL: |  1  2  3  4  5  6 |
---------------+-------------------+-----
Ranged Weapons | 5 6 7 8 |  8.6
Fighting       | 3 4 5 |  5.4
Armour         | 1 |  1.1
Dodging        | |  2.1
Stealth        | |  0.7

Action                     |  1- 3 |  4- 6 |  7- 9 || total
---------------------------+-------+-------+-------++-------
   Fire: Shortbow          |    85 |   173 |    21 ||   279
    Use: Scroll            |     3 |     8 |       ||    11
         Potion            |       |     3 |       ||     3
 Armour: Leather armour    |     7 |     1 |       ||     8
         Ring mail         |       |    22 |     4 ||    26
  Dodge: Dodged            |    11 |    23 |    19 ||    53

Table legend:
 A = Non-vault XP
 B = Vault XP
 C = Vault XP percentage of total XP
 D = Non-vault monster count
 E = Vault monster count
 F = Vault count percentage of total count
                 A         B        C        D         E       F
            +---------+---------+-------+---------+---------+-------
      Total |     697 |     234 |  25.1 |      72 |       6 |   7.7
            +---------+---------+-------+---------+---------+-------
        D:1 |      36 |       2 |   5.3 |      20 |       1 |   4.8
        D:2 |      94 |       0 |   0.0 |      12 |       0 |   0.0
        D:3 |      59 |     232 |  79.7 |      16 |       5 |  23.8
        D:4 |      52 |       0 |   0.0 |      15 |       0 |   0.0
        D:5 |     456 |       0 |   0.0 |       9 |       0 |   0.0
            +---------+---------+-------+---------+---------+-------
